[Event "Che Chess Festival Blitz 2023"]
[Site "Thiruvananthapuram"]
[Date "2023.11.20"]
[Round "1"]
[White "Nihal Sarin"]
[Black "Praggnanandhaa R"]
[Result "0-1"]
[ECO "D45"]
[WhiteElo "2692"]
[BlackElo "2741"]
[Annotator "TA"]
[PlyCount "94"]
[EventDate "2023.11.20"]
[EventType "blitz"]
[EventCountry "IND"]
[SourceTitle "playchess.com"]
[Source "ChessBase"]
[SourceQuality "1"]
[TimeControl "180+2"]

1. d4 Nf6 2. Nf3 d5 3. c4 e6 4. Nc3 c6 5. e3 Nbd7 6. Be2 Bd6 7. O-O O-O 8. b3 Ne4 9. Bb2 {[%emt 0:00:14] The main line 9.Bb2 scores better than 9.Nxe4.} f5 10. Bd3 {[%emt 0:00:03] D45: Semi-Slav: 5 e3.} Qf6 11. Ne2 g5 {[%emt 0:00:02] [#]} 12. Rc1 $146 {[%emt 0:00:45] The position is equal.} ({Predecessor:} 12. Ne1 Qh6 13. g3 Qh3 14. f3 Rf6 15. fxe4 fxe4 16. Rxf6 Nxf6 17. Nf4 gxf4 18. Bf1 {½-½ Suba,M (2522)-Rodriguez Guerrero,E (2391) Dos Hermanas op 4th 2004 (3)}) 12... a5 (12... g4 $5 13. Ne1 Qh6 $11) 13. a4 h5 (13... g4 $5 14. Ne1 Qh6 $11) 14. Rc2 (14. Ne1 $5 ) 14... Rf7 15. Qa1 Qh6 16. Rd1 (16. cxd5 $1 $14 exd5 17. Ne5) 16... h4 $11 17. Ne5 Bxe5 18. dxe5 h3 {[%emt 0:00:01] Strongly threatening ...hxg2.} 19. g3 Qh5 {[%emt 0:00:37] ...Qf3 would be deadly.} 20. Nd4 {[%emt 0:00:01] Dodges Qf3. cxd5 is the strong threat.} (20. Bxe4 fxe4 21. Rdd2 b6 22. cxd5 cxd5 $17) 20... f4 $2 {[%emt 0:00:13] [#]} ({Better is} 20... Nxe5 $11 21. Be2 Ng4) 21. exf4 (21. Nxe6 $2 Qf3 22. Bf1 fxg3 23. fxg3 Qxe3+ 24. Kh1 Qf3+ 25. Kg1 Nf2 $19) (21. cxd5 $1 $16 Ndc5 22. Bxe4 (22. dxc6 $2 fxg3 23. fxg3 Nxd3 $19) 22... Nxe4 23. f3 (23. dxc6 bxc6 24. f3 c5 $15) (23. dxe6 Bxe6 24. exf4 Bxb3 $15 {[%mdl 64] Promotion}) 23... Nxg3 24. e4 (24. hxg3 fxg3 25. dxc6 bxc6 $17) (24. dxe6 Bxe6 25. Rd3 Qg6 $15) (24. dxc6 bxc6 25. Ba3 c5 $19)) 21... gxf4 22. f3 $2 {[%emt 0:00:01] [#]} (22. Nxe6 $2 Qf3 23. Nxf4 (23. Bxe4 dxe4 24. Nxf4 Rxf4 25. Kf1 Nc5 26. Rd8+ Kf7) 23... Rxf4 $19) (22. Bxe4 dxe4 23. Rc3 (23. Nxe6 Qf3 24. Nxf4 Rxf4 25. Kf1 Nc5 26. Rd8+ Kf7) 23... Nxe5 24. gxf4 Nd3 25. Rdxd3 exd3 26. Rxd3 e5 27. fxe5 c5 28. Rg3+ Rg7 $19) (22. cxd5 $11 Ndc5 23. dxc6) 22... Ng5 $2 (22... Nec5 23. g4 Qh6 24. Be2 $16) (22... Nxe5 $1 $19 23. fxe4 fxg3 24. hxg3 (24. exd5 $2 exd5 25. Re1 Nxd3 $19) 24... c5) 23. g4 $1 (23. cxd5 Nxe5 24. Re2 Ngxf3+ 25. Nxf3 Nxf3+ 26. Kh1 cxd5 $17) 23... Nxf3+ $2 24. Kh1 $1 $18 Qxg4 {[%emt 0:00:02] ( -> ...Rg7)} (24... Qxe5 $2 25. Nxf3 Qd6 26. Re2 $18) 25. Rf2 Nh4 (25... Nfxe5 $2 26. Rg1 Nf6 27. Bc2 $18 (27. Rxg4+ Nfxg4 28. Rd2 Nxd3 $11) (27. Rxf4 Qg2+ 28. Rxg2+ hxg2+ 29. Kxg2 Nxd3 $18)) (25... Ndxe5 $2 26. Nxf3 Nxd3 27. Rxd3 $18) (25... Nc5 {was worth a try.}) 26. Rg1 Ng2 27. Rfxg2 hxg2+ 28. Rxg2 Qxg2+ 29. Kxg2 Nxe5 {[%emt 0:00:00] aiming for ...Rg7+.} 30. Be2 c5 31. Nf3 Nxf3 32. Bxf3 {[%emt 0:00:02] This pair of bishops is nice.} d4 33. Qe1 Bd7 34. Qe5 Bc6 35. Qxc5 (35. Qxe6 Re8 36. Qh3 Rh7 $11) 35... Rd8 36. Bxd4 {[%emt 0:00:02] White threatens Qg5+ and mate.} Rf5 {[%emt 0:00:01] Repels Qg5+} 37. Qb6 Rd7 38. Bxc6 bxc6 39. Kf3 Kf7 40. Ke4 (40. Qxc6 Rxd4 41. c5 Rd3+ 42. Ke2 Rdd5 $11) 40... f3 41. Bf2 (41. Qxc6 Rxd4+ 42. Kxd4 f2 43. Qc7+ Kf6 44. Qd8+ Kf7 45. Qd7+ Kf6 46. Qd8+ Kf7 47. Qd7+ Kf6 48. Qd8+ $11) 41... Rd2 42. h4 c5 43. Qc7+ Kf6 44. Qg3 (44. Qxa5 Rxf2 45. Qd8+ Kf7 46. Qc7+ Kf6 47. Qd8+ Kf7 48. Qd7+ Kf6 49. Qd8+ $11) 44... e5 45. Be3 $2 (45. Bxc5 Rf4+ 46. Ke3 Rg2 $11) (45. h5 $1 $18 {is the precise move to win. Threatening mate with Qg6+.} Re2+ 46. Kd5 e4+ 47. Kc6 Rxh5 48. Qf4+ Kg6 49. Bxc5) 45... Re2 $2 (45... f2 $16 46. Bxf2 (46. Bxd2 f1=Q $17) 46... Rdxf2) 46. Qg4 $4 (46. h5 $18 Rf4+ 47. Kd5 Rxe3 48. Qg6+ (48. Kxc5 f2 $11) 48... Ke7 49. Qd6+ (49. Kxc5 f2 $11) 49... Kf7 50. Qg6+ Ke7 51. Qe6+ (51. Kxc5 f2 $11) 51... Kf8 52. h6 Rd3+ 53. Kxc5) 46... Rf4+ 47. Qxf4+ exf4 {[%emt 0:00:06][%mdl 64] Pin. Black used his chance. An entertaining game by Praggnanandhaa R.   Weighted Error Value: White=0.19 (very precise) /Black=0.58} 0-1

[Event "Che Chess Festival Blitz 2023"]
[Site "Thiruvananthapuram"]
[Date "2023.11.20"]
[Round "2.1"]
[White "Praggnanandhaa R"]
[Black "Nihal Sarin"]
[Result "0-1"]
[ECO "C85"]
[WhiteElo "2741"]
[BlackElo "2692"]
[Annotator "TA"]
[PlyCount "144"]
[EventDate "2023.11.20"]
[EventType "blitz"]
[EventCountry "IND"]
[SourceTitle "playchess.com"]
[Source "ChessBase"]
[SourceQuality "1"]
[TimeControl "180+2"]

1. e4 e5 2. Nf3 Nc6 3. Bb5 a6 4. Ba4 Nf6 5. O-O Be7 6. Bxc6 dxc6 7. d3 Nd7 8. Be3 {[%emt 0:00:00] C85: Closed Ruy Lopez: Deferred Exchange Variation.} O-O 9. Nbd2 f6 10. Nh4 {[%emt 0:00:00] [#] The position is equal.} Rf7 $146 ({Predecessor:} 10... g6 11. Nhf3 Nc5 12. d4 exd4 13. Nxd4 Ne6 14. Nxe6 Bxe6 15. Qe2 Qe8 16. f4 f5 {½-½ Vaishali,R (2448)-Muzychuk,A (2510) FIDE Grand Swiss (Women) 2023 (5)}) 11. Nf5 Bf8 12. f4 (12. Qg4 {is more complex.} Kh8 13. h4 Bc5 14. Qh5) 12... exf4 13. Bxf4 Nc5 14. Be3 Ne6 15. Kh1 c5 16. Qg4 {[%emt 0:00:00] [#] Strongly threatening Nh6+.} Kh8 17. Qh5 Qe8 18. Qh4 b6 19. Rf3 Bb7 (19... Nd8 $11) 20. Raf1 $14 (20. Rh3 g6 21. Nh6 Bxh6 22. Qxh6 Kg8 $11) 20... Rd8 21. Rh3 g6 22. Nh6 Bxh6 23. Qxh6 (23. Bxh6 $5 Qe7 24. Rhf3 $14) 23... Qg8 24. Nf3 Qg7 25. Qh4 g5 26. Qe1 Rdf8 27. Bd2 h6 28. Rg3 Qh7 29. h4 a5 30. Bc3 Kg8 31. Qe3 Bc8 32. Kg1 Ng7 $1 33. hxg5 hxg5 {[%emt 0:00:02] [#]} (33... fxg5 $11 {keeps the balance.} 34. Nd2 Rxf1+ 35. Nxf1 g4) 34. e5 (34. Rf2 $1 $16) 34... Nf5 $1 $15 35. Nxg5 $2 fxg5 $19 36. Rxg5+ Rg7 37. Rxg7+ Qxg7 38. Qe4 Be6 {[%emt 0:00:03] Dodges Qc4} 39. Rf3 Rf7 40. Be1 Qh7 $2 ({Black should try} 40... Qg5 $19 {...Rg7 would be deadly.} 41. c3 Rg7 42. Qa8+ Kf7) 41. Qc6 $2 (41. Rh3 $1 $11 Qg7 42. c4) 41... Qg6 ({But not} 41... Bxa2 42. e6 (42. Qe8+ $2 Rf8 $19) 42... Rf8 43. Bc3 $16) (41... Nd4 $2 42. Qa8+ Kg7 43. Rg3+ $18) 42. Qe8+ Kg7 {[%emt 0:00:01][%cal Of5e3] Threatens to win with ...Ne3!} 43. Bf2 (43. Rh3 Rf8 44. Qxg6+ Kxg6 45. Rf3) 43... Rf8 $2 (43... Bxa2 44. b3 $15) ({Better is} 43... Bd7 $19 44. Qd8 Bc6) 44. Qc6 (44. Qxg6+ $11 Kxg6 45. g4) 44... Rf7 $2 ({Not} 44... Bxa2 45. Qxg6+ Kxg6 46. g4 $11) (44... Ne7 $19 45. Qe4 Qxe4 46. dxe4 Bxa2) 45. a3 $2 (45. Qe8 $11 {and White has nothing to worry.} Bd7 46. Qd8) 45... Nh6 (45... Qh6 $19 {aiming for ...Kf8.} 46. Qe4 Qc1+ 47. Kh2 Qg5) 46. Rxf7+ (46. Rf6 $17 {is a better defense.} Rxf6 47. exf6+ Qxf6 48. Qxc7+ Bf7 49. Bg3) 46... Qxf7 47. Bh4 Ng4 {[%emt 0:00:01] Inhibits Bf6+.} 48. Qe4 {[%emt 0:00:01] Prevents Qf4.} Qf5 49. Qxf5 Bxf5 50. Bd8 Nxe5 51. Bxc7 Nd7 52. Kf2 Kf7 (52... a4 $142 53. Kf3 b5) 53. Ke3 (53. b3 $142) 53... Ke6 54. c4 (54. b3 $17 {keeps fighting.}) 54... a4 {[%emt 0:00:05] And now ...Ne5 would win.} 55. d4 {[%emt 0:00:02] Prevents Ne5} Bg4 56. Kd3 Kf5 57. Bd6 Bd1 58. Bc7 Bb3 59. g3 (59. Bd6 $142) 59... Kg4 60. Bd6 Kf3 61. Bc7 Bd1 62. Bd6 Be2+ 63. Kc3 Ke4 64. dxc5 bxc5 65. Be7 (65. Bc7 {was the only chance.}) 65... Ke5 66. Bd8 Kd6 67. Bg5 Bd1 68. Bf4+ Kc6 69. Kd3 Nb6 70. Kd2 Bg4 ({Weaker is} 70... Nxc4+ 71. Kxd1 Nxb2+ 72. Kc2 $11) 71. Kc3 Be6 72. Bg5 Nxc4 {[%emt 0:00:01] Weighted Error Value: White=0.56/Black=0.37} 0-1

[Event "Che Chess Festival Blitz 2023"]
[Site "Thiruvananthapuram"]
[Date "2023.11.20"]
[Round "3.1"]
[White "Nihal Sarin"]
[Black "Praggnanandhaa R"]
[Result "0-1"]
[ECO "C54"]
[WhiteElo "2692"]
[BlackElo "2741"]
[Annotator "TA"]
[PlyCount "152"]
[EventDate "2023.11.20"]
[EventType "blitz"]
[EventCountry "IND"]
[SourceTitle "playchess.com"]
[Source "ChessBase"]
[SourceQuality "1"]
[TimeControl "180+2"]

1. e4 e5 2. Nf3 Nc6 3. Bc4 Bc5 4. O-O Nf6 5. d3 d6 6. c3 a6 7. a4 {[%emt 0:00:02] C54: Giuoco Piano: 4 c3 Nf6, main lines with 5 d4 and 5 d3.} Ba7 8. Re1 {[%emt 0:00:07] 8.Re1 is better than 8.Nbd2.} h6 (8... Ng4 $5 9. Re2 O-O $11) 9. Nbd2 {[%emt 0:00:10] White has an edge.} g5 10. Nf1 (10. b4 $14 {deserves consideration.}) 10... g4 $11 11. Nh4 {[%emt 0:00:18] [#]} Nxe4 $1 {[%emt 0:00:09][%mdl 64] Discovered Attack} 12. dxe4 {[%emt 0:00:06] Hoping for Nf5.} Qxh4 13. Be3 Be6 $40 {[%emt 0:00:18][%mdl 128] Black attacks.} 14. Bxe6 fxe6 15. Qb3 Kd7 16. Rad1 {[%emt 0:00:02][%cal Od1d6] [#]} (16. Qxb7 $2 Bxe3 17. Nxe3 Rhb8 $19) 16... Rhf8 $146 (16... Qe7 {simplifies} 17. Bxa7 Rxa7 18. Ne3 h5) ({Predecessor:} 16... Raf8 17. Re2 Bxe3 18. Nxe3 Na5 19. Qc2 Rf7 20. Qd3 Rhf8 21. Rdd2 Nb3 22. Rc2 Nc5 {0-1 Sztokbant,B (2213)-Horvath,D (2523) Titled Tuesday intern op 13th Jun Early blitz 2023 (1)}) 17. Rd2 Bxe3 (17... h5 {is more complex.} 18. Red1 Bxe3 19. Nxe3 Rab8) 18. Nxe3 Rab8 19. Qd1 h5 20. b4 b5 {[%emt 0:00:14] Wards off Nc4} 21. Qe2 Ke7 {[%emt 0:01:35] Black is more active.} (21... bxa4 $6 22. Qxa6 Ra8 23. Qc4 $11) 22. Ra1 Rb6 23. axb5 axb5 24. Rda2 Qg5 (24... Qf6 {keeps more tension.} 25. g3 Qf3 26. Qc2 h4) 25. g3 Qg6 26. Ng2 Kd7 27. Qd3 Qf6 28. Nh4 Rb7 29. Rb2 Rfb8 30. Rba2 Rf8 31. Kg2 Rfb8 32. Qe3 Ne7 (32... Rg8 {is interesting.} 33. f3 Rf8 34. Qd3 Qg7) 33. Rh1 Ng6 ({Better is} 33... Rb6 $17) 34. Nxg6 Qxg6 35. h3 Rf8 36. hxg4 Qxg4 37. Rh4 Qg6 38. Qe2 (38. Kh3 $11) 38... Rh8 (38... Rf4 $15 39. Qxh5 Qxh5 40. Rxh5 Rxe4) 39. Ra5 (39. Ra1 {simplifies} Ke7 40. Rah1 Rbb8 41. Rxh5 Rxh5 42. Rxh5 Rf8 43. Rh3) 39... Kc6 40. Ra1 Rbb8 (40... Qe8 $11) 41. Rah1 ({White should try} 41. c4 $1 $16) 41... Rbf8 42. Rxh5 $2 (42. c4 $1 $14 {keeps the upper hand.}) 42... Rxh5 $17 43. Rxh5 $14 {[%emt 0:00:01][%mdl 4096] Endgame KQR-KQR} Ra8 (43... Rf4 $17 44. Qa2 Kd7) 44. Rh4 {[%emt 0:00:03] Prevents Qxe4+} Ra4 $2 {[%emt 0:00:03] [#]} (44... Kb6 $11) 45. Qd3 $2 (45. Rh8 $1 $18 {[%cal Rh8b8] Strongly threatening Rb8.} Kb6 46. Rb8+ {[%mdl 64] Deflection} Ka7 47. Rxb5 (47. Qxb5 $2 Qxe4+ 48. Kh2 Ra1 $19)) 45... Qg5 $2 {[%emt 0:00:02] [#]} (45... Qe8 $11) 46. Qe2 $2 (46. Rh8 $1 $18 {[%cal Rh8b8] White threatens Rb8 and mate.} Ra6 47. c4 (47. Rb8 Rb6 $14)) 46... Qc1 $11 47. Rh1 $2 {[%emt 0:00:02][%mdl 8192] White is now going downhill.} (47. Qe3 $1 $11 {and White is okay.} Qxe3 48. fxe3) 47... Qxc3 $19 48. Qg4 $2 (48. Rb1) 48... Qc4 (48... Rxb4 $2 {loses.} 49. Qg8 Rb2 50. Qa8+ Kc5 51. Ra1 $19) 49. Re1 Rxb4 50. Qg6 Rb2 51. Qe8+ Kb7 52. Ra1 $2 (52. g4) 52... Qxe4+ 53. Kg1 {[%emt 0:00:00] White wants to mate with Qa8+.} Kb6 54. Qb8+ Qb7 ({Stronger than} 54... Kc5 55. Qxc7+ Kb4 56. Qxd6+ Kb3 57. Qxe6+ Kc2 58. Rf1 $11) 55. Qe8 b4 56. Qxe6 Qe4 {[%emt 0:00:01] Against Qc4} 57. Qc8 Rb1+ 58. Rxb1 Qxb1+ {[%emt 0:00:01] KQ-KQ} 59. Kh2 Qe4 {[%emt 0:00:02] And now ...b3 would win.} 60. g4 b3 61. Qb8+ Qb7 62. Qg8 Ka7 (62... d5 $142 63. Qg5 b2 64. Qe3+ Kc6 65. Qh6+ Kb5) 63. Qc4 Qb6 64. Qa4+ Kb7 {[%emt 0:00:01] Black mates.} 65. Qe4+ c6 66. Qh7+ Ka6 67. Qd3+ Qb5 68. Qb1 b2 69. g5 {[%emt 0:00:01] [#]} e4 $1 70. Qa2+ (70. g6 Kb6) 70... Kb6 71. Qb1 Qe5+ 72. Kh3 Qf5+ 73. Kh4 Qf4+ 74. Kh5 Qc1 75. Qxe4 b1=Q 76. Qd4+ Qc5 {[%emt 0:00:01] Weighted Error Value: White=0.62/Black=0.36} 0-1

[Event "Che Chess Festival Blitz 2023"]
[Site "Thiruvananthapuram"]
[Date "2023.11.20"]
[Round "4.1"]
[White "Praggnanandhaa R"]
[Black "Nihal Sarin"]
[Result "1-0"]
[ECO "D02"]
[WhiteElo "2741"]
[BlackElo "2692"]
[Annotator "TA"]
[PlyCount "167"]
[EventDate "2023.11.20"]
[EventType "blitz"]
[EventCountry "IND"]
[SourceTitle "playchess.com"]
[Source "ChessBase"]
[SourceQuality "1"]
[TimeControl "180+2"]

1. Nf3 d5 2. g3 Nd7 3. d4 Nb6 4. Nbd2 Bf5 5. Nh4 Bg4 6. h3 {[%emt 0:00:01] D02: 1 d4 d5 2 Nf3 sidelines, including 2...Nf6 3 g3 and 2...Nf6 3 Bf4.} Bh5 7. Ng2 e6 8. Nf4 {[%emt 0:00:02] White is slightly better.} Bg6 9. Bg2 {[%emt 0:00:06] [#]} Nf6 $146 ({Predecessor:} 9... c6 10. e4 dxe4 11. Nxg6 hxg6 12. Nxe4 Nf6 13. Ng5 Bd6 14. O-O O-O 15. Qe2 Re8 {0-1 Efimenko,Z (2601)-Kovalenko,I (2647) Bundesliga 1920 2019 (14.3)}) 10. Nxg6 hxg6 11. e4 dxe4 12. Nxe4 Nxe4 13. Bxe4 c6 14. c3 Bd6 15. Qe2 Qc7 16. Bd2 Nd5 17. h4 O-O-O 18. O-O-O Nf6 19. Bf3 (19. Bg2 {feels hotter.} Qa5 20. Kb1 Kb8 21. f4) 19... Kb8 20. Kb1 Ka8 21. Bg5 Rhe8 22. Qc2 Be7 23. Rhe1 Nd5 24. Bc1 (24. c4 $5 Nf6 25. Qa4 $16) 24... Nf6 25. Re2 Rd7 26. Bf4 Qb6 27. Qb3 Qa6 28. Ree1 Red8 29. Qc2 Nd5 30. Bc1 Nb6 31. h5 gxh5 32. Bxh5 g6 33. Be2 Qa5 34. Rh1 Bf6 35. Rd3 Rh8 36. Rxh8+ Bxh8 37. Rd1 Qd5 38. c4 Qf5 39. Qxf5 gxf5 40. Be3 Kb8 41. Kc2 Bf6 42. b3 Nc8 43. Bf3 Ne7 44. Bh5 Nc8 (44... Ng8 $14) 45. Bf4+ $16 Ka8 46. Be5 Bd8 47. Bf3 (47. Rh1 $16) 47... Ne7 $14 48. Bh5 (48. Bf4 $14) 48... Nc8 $1 $16 49. Kc3 (49. Rh1 $16) 49... a5 50. Rh1 Ka7 51. Bf3 $36 {[%emt 0:00:03][%mdl 2048] White has good play.} f6 (51... Ne7 $14) 52. Bf4 Bb6 (52... Ne7 $16 53. Re1 Ng6) 53. c5 $18 Bc7 54. Bxc7 Rxc7 {[%emt 0:00:01][%mdl 4096] Endgame KRB-KRN} 55. Rh6 Rf7 56. Bh5 $1 Rf8 57. Rh7 {[%emt 0:00:01] Prevents Ne7.} Kb8 58. Bf7 e5 59. Be6 exd4+ 60. Kxd4 Rd8+ 61. Kc3 ({White should try} 61. Kc4 $1 $18) 61... Re8 $16 62. Bxf5 {[%emt 0:00:00] White has more active pieces.} Na7 $2 (62... Re5 $16 {keeps fighting.} 63. Bd3 Rxc5+ 64. Kd2 Rd5) 63. Bd3 Re5 64. Bc4 {[%emt 0:00:03] Black must now prevent a4.} Rxc5 65. Kd2 (65. Kd4 $16 Rg5 66. Rf7) 65... Rg5 ({Better is} 65... Nc8 $14) 66. Rf7 Rg6 67. Bd3 Rh6 68. Ke3 Nc8 69. Kf4 Nd6 70. Rd7 Nc8 71. Kf5 (71. g4 $16) 71... Nb6 (71... Rh2 $11) 72. Rf7 (72. Re7 $14) 72... Nd5 $2 {[%emt 0:00:01] [#]} (72... Rh2 $1 $11) 73. Bc4 $1 $18 Rh2 {[%emt 0:00:02] [#]} 74. f4 $1 Ne3+ 75. Kxf6 {[%emt 0:00:01] Re7 is the strong threat.} Rxa2 76. Be6 {[%emt 0:00:01] Threatens to win with g4.} Rg2 77. Rg7 {[%emt 0:00:02] Hoping for g4.} b5 (77... c5 {might work better.} 78. g4 c4) 78. f5 $2 ({White has to play} 78. g4 $18) 78... a4 $14 79. bxa4 bxa4 80. Ke5 Nd5 $2 {[%emt 0:00:04][%mdl 8192] Dodges f6} 81. Bxd5 {[%emt 0:00:04][%mdl 64] Remove Defender. White mates.} cxd5 82. f6 Re2+ 83. Kd6 Rf2 84. f7 {[%emt 0:00:01] Weighted Error Value: White=0.09 (flawless) /Black=0.13 (very precise)} ({And not} 84. Kxd5 Rxf6 85. Kc4 Rf3 $11) 1-0

[Event "Che Chess Festival Blitz 2023"]
[Site "Thiruvananthapuram"]
[Date "2023.11.20"]
[Round "5.1"]
[White "Nihal Sarin"]
[Black "Praggnanandhaa R"]
[Result "1-0"]
[ECO "A13"]
[WhiteElo "2692"]
[BlackElo "2741"]
[Annotator "TA"]
[PlyCount "73"]
[EventDate "2023.11.20"]
[EventType "blitz"]
[EventCountry "IND"]
[SourceTitle "playchess.com"]
[Source "ChessBase"]
[SourceQuality "1"]
[TimeControl "180+2"]

1. Nf3 Nf6 2. c4 e6 3. g3 d5 4. Bg2 d4 5. d3 Bb4+ 6. Nbd2 {[%emt 0:00:02] next Qa4+ is good for White. A13: English Opening: 1...e6.} a5 7. O-O Nc6 8. Ne1 O-O 9. Nc2 Be7 10. b3 e5 11. a3 Bf5 12. Rb1 {[%emt 0:00:02] [#]} Qc8 $146 ({Predecessor:} 12... Qd7 13. b4 axb4 14. axb4 Bh3 15. b5 Bxg2 16. Kxg2 Nd8 17. Nf3 Bd6 18. Bg5 Ne8 19. Bxd8 Qxd8 {½-½ Abdusattorov,N (2716)-Erigaisi,A (2712) Tata Steel India blitz 2023 (2)}) 13. Re1 Re8 14. b4 Bf8 15. b5 Nb8 16. a4 Nbd7 17. Nb3 Nc5 18. Nxc5 Bxc5 19. Na1 e4 {[%emt 0:00:34] [#] ...exd3 is the strong threat.} 20. Nb3 Bb4 {[%emt 0:00:05] And now ...exd3 would win.} 21. Rf1 (21. Bd2 {seems wilder.} exd3 22. exd3 Bxd3 23. Rxe8+ Qxe8 24. Bxb7 Bxb1 25. Bc6) 21... exd3 22. exd3 Bg4 23. Bf3 Bh3 (23... Bc3 $5 ) 24. Bg2 c5 25. bxc6 Bxg2 26. Kxg2 Qxc6+ ({Don't play} 26... bxc6 27. Nxd4 c5 28. Nb5 $14 (28. Nf3 Nd7 $11)) 27. Qf3 Qxf3+ 28. Kxf3 Nd7 29. Rd1 Bc3 30. Bb2 Ra6 {[%emt 0:00:06] [#] aiming for ...Rf6+.} 31. Nxd4 Rf6+ (31... Bxb2 $1 $11 {keeps the balance.} 32. Rxb2 Rd6) 32. Kg2 $16 Bxb2 33. Rxb2 Nc5 34. Rb5 (34. Nb5 $16) 34... b6 $14 35. Nf3 Re2 ({Black should play} 35... Nxa4 $14 36. Rc1 Nc5) 36. Re1 (36. Rd2 $16 Rxd2 37. Nxd2) 36... Rxe1 $11 37. Nxe1 {[%emt 0:00:01][%mdl 32768] Weighted Error Value: White=0.13 (very precise) /Black=0.16 (very precise) . Loss on time!?} 1-0

[Event "Che Chess Festival Blitz 2023"]
[Site "Thiruvananthapuram"]
[Date "2023.11.20"]
[Round "6.1"]
[White "Praggnanandhaa R"]
[Black "Nihal Sarin"]
[Result "1/2-1/2"]
[ECO "B91"]
[WhiteElo "2741"]
[BlackElo "2692"]
[Annotator "TA"]
[PlyCount "94"]
[EventDate "2023.11.20"]
[EventType "blitz"]
[EventCountry "IND"]
[SourceTitle "playchess.com"]
[Source "ChessBase"]
[SourceQuality "1"]
[TimeControl "180+2"]

1. e4 c5 2. Nf3 d6 3. Nc3 Nf6 4. d4 cxd4 5. Nxd4 a6 6. g3 e5 7. Nde2 Be7 8. Bg2 O-O 9. O-O b5 10. Nd5 {[%emt 0:00:01] B91: Sicilian Najdorf: 6 g3.} Nbd7 11. Nec3 Bb7 12. a4 Bxd5 (12... Nxd5 {keeps more tension.} 13. Nxd5 Bxd5 14. Qxd5 Nb6) 13. Nxd5 Nxd5 14. exd5 {[%emt 0:00:01] [#]} Qc7 $146 ({Black should play} 14... b4 $15) ({Predecessor:} 14... b4 15. Bd2 a5 16. c3 bxc3 17. Bxc3 Qb6 18. Qc2 Nc5 19. Rfb1 Nb3 20. Ra3 Nd4 21. Bxd4 Qxd4 {½-½ Kryvoruchko,Y (2701)-Sadzikowski,D (2541) BL2-Sued 1617 2016 (1.1)}) 15. axb5 $11 axb5 16. Rxa8 Rxa8 17. Qd3 Qb7 18. Bd2 Nc5 19. Qe2 b4 20. Qc4 b3 21. cxb3 Nxb3 (21... Qxb3 {simplifies} 22. Qxb3 Nxb3 23. Bc3 Bd8) 22. Bc3 Rc8 23. Qg4 g6 24. h4 h5 25. Qe2 Bf6 26. Kh2 Kg7 27. Qe3 Nd4 28. Qd3 Ra8 29. f4 {[%emt 0:00:05] [#] And now fxe5 would win.} Qb6 30. Be4 exf4 (30... Nb5 $15 31. fxe5 Bxe5 32. Bxe5+ dxe5) 31. Rxf4 {[%emt 0:00:07] The position is equal.} Be5 32. Bxg6 fxg6 33. Bxd4 Bxd4 34. Qxd4+ Qxd4 35. Rxd4 {[%emt 0:00:01][%mdl 4096] Endgame KR-KR} Ra2 36. Rd2 Kf6 37. Kg2 Ke5 38. Kf3 Ra4 39. Rd3 Rb4 40. b3 Rb8 41. Ke3 Rb7 42. Kd2 Ke4 43. Kc2 Rc7+ 44. Kd2 Rb7 45. Kc2 Rc7+ 46. Rc3 Rb7 47. Rd3 Rc7+ {[%emt 0:00:04] Weighted Error Value: White=0.07 (flawless) /Black=0.09 (flawless)} 1/2-1/2

[Event "Che Chess Festival Blitz 2023"]
[Site "Thiruvananthapuram"]
[Date "2023.11.20"]
[Round "7.1"]
[White "Nihal Sarin"]
[Black "Praggnanandhaa R"]
[Result "0-1"]
[ECO "C47"]
[WhiteElo "2692"]
[BlackElo "2741"]
[Annotator "TA"]
[PlyCount "58"]
[EventDate "2023.11.20"]
[EventType "blitz"]
[EventCountry "IND"]
[SourceTitle "playchess.com"]
[Source "ChessBase"]
[SourceQuality "1"]
[TimeControl "180+2"]

1. e4 e5 2. Nf3 Nc6 3. Nc3 Nf6 4. d4 exd4 5. Nxd4 Bb4 6. Nxc6 bxc6 7. Bd3 O-O 8. O-O d5 9. exd5 cxd5 10. h3 {[%emt 0:00:04] is recently more successful than 10.Bg5. C47: Scotch Four Knights and Four Knights with 4 g3.} c6 11. Qf3 Re8 12. Ne2 Nd7 13. Bf4 {[%emt 0:00:32] [#]} Ne5 $146 ({Predecessor:} 13... Qf6 14. c3 Bd6 15. Bxd6 Qxd6 16. Nd4 Ne5 17. Qg3 Bd7 18. Bf5 Bxf5 19. Qxg7+ Kxg7 20. Nxf5+ {½-½ Hector,J (2466)-Mikkelsen,N (2480) Copenhagen CC GM 2023 (2)}) 14. Bxe5 Rxe5 15. Rad1 Bc5 16. c3 Bd7 17. Rd2 a5 18. Rfd1 Qb6 19. c4 Rae8 20. Nc3 Re1+ 21. Rxe1 {[%emt 0:00:07][%mdl 64] [#] Remove Defender} Rxe1+ 22. Kh2 {[%emt 0:00:10] White is weak on the dark squares} Be6 (22... d4 $15 23. Ne4 Qc7+ 24. g3 Be7) 23. cxd5 $14 cxd5 24. Nxd5 Qb8+ 25. g3 h6 26. a3 Bd6 27. Nf4 (27. Bf5 $16) 27... Bxf4 $11 28. Qxf4 Qa8 {[%emt 0:00:02][%csl Ga8][%cal Re1h1] [#]} 29. f3 {[%emt 0:00:04] And now Qc7 would win.} Qa7 {[%emt 0:00:01][%mdl 32768] Against Qc7.   Weighted Error Value: White=0.14 (very precise) /Black=0.17 (very precise) . Loss on time!?} 0-1

[Event "Che Chess Festival Blitz 2023"]
[Site "Thiruvananthapuram"]
[Date "2023.11.20"]
[Round "8.1"]
[White "Praggnanandhaa R"]
[Black "Nihal Sarin"]
[Result "1-0"]
[ECO "B13"]
[WhiteElo "2741"]
[BlackElo "2692"]
[Annotator "ChessBase"]
[PlyCount "89"]
[EventDate "2023.11.20"]
[EventType "blitz"]
[EventCountry "IND"]
[SourceTitle "playchess.com"]
[Source "ChessBase"]
[SourceQuality "1"]
[TimeControl "180+2"]

1. e4 c6 2. d4 d5 3. exd5 cxd5 4. Bd3 Nc6 5. c3 Nf6 6. Nf3 Bg4 7. h3 Bh5 8. Bf4 e6 9. Nbd2 Be7 10. O-O O-O 11. Re1 Bd6 12. Bxd6 Qxd6 13. a4 Rab8 14. a5 Qc7 15. Qa4 Bg6 16. Bxg6 hxg6 17. Ne5 Nd7 18. Nd3 Rfc8 19. Qa3 Nf6 20. Nc5 Ne7 21. Nf3 Nf5 22. Ne5 Nd6 23. Qa4 Nfe4 24. Nxe4 Nxe4 25. Qd7 Qxd7 26. Nxd7 Ra8 27. h4 Rc7 28. Ne5 Nd6 29. Ra4 Rac8 30. g3 Kf8 31. Kg2 Ke7 32. Rb4 Kf6 33. Re3 Ke7 34. Re1 Ne4 35. Nd3 Kd6 36. Ra1 Nf6 37. Ra3 Nd7 38. Rab3 Rb8 39. Kf3 f6 40. Nf4 Nf8 41. Rb5 Rd7 42. Nd3 Rc7 43. Nc5 Kc6 44. Na6 bxa6 45. Rc5+ 1-0